 Dungeon Crawl Stone Soup version 0.31-a0-851-g7ff8af7976 (webtiles) character file.

Game seed: 11684967307892961553

49 javelincjr the Sneak (level 3, -2/21 HPs)
             Began as an Octopode Hedge Wizard on Oct 5, 2023.
             Slain by Terence
             ... wielding a +0 trident
              (7 damage)
             ... on level 2 of the Dungeon.
             The game lasted 00:04:57 (1825 turns).

javelincjr the Sneak (Octopode Hedge Wizard)        Turns: 1825, Time: 00:04:57

Health: -2/21      AC:  1    Str:  9    XL:     3   Next: 75%
Magic:  4/7        EV: 13    Int: 18    God:
Gold:   95         SH:  0    Dex: 11    Spells: 3/8 levels left

rFire   . . .        a - +0 dagger
rCold   . . .        (no shield)
rNeg    . . .        b - +0 hat
rPois   .            (no amulet)
rElec   .            (no ring)
rCorr   .            (no ring)
SInv    .            (no ring)
Will    .....        (no ring)
Stlth   +++          (no ring)
HPRegen 0.23/turn    (no ring)
MPRegen 0.10/turn    (no ring)
                     (no ring)

%: no passive effects
@: no status effects
A: almost no armour, amphibious, 8 rings, camouflage 1, gelatinous body 1,
(nimble swimmer 1), tentacles
a: no special abilities


You were on level 2 of the Dungeon.
You visited 1 branch of the dungeon, and saw 2 of its levels.

You collected 95 gold pieces.

Inventory:

Hand Weapons
 a - a +0 dagger (weapon)
Missiles
 k - 3 stones
Armour
 b - a +0 hat (worn)
Magical Staves
 j - a staff of earth
Scrolls
 d - a scroll of revelation {unknown}
 f - a scroll of amnesia {unknown}
 g - a scroll of poison {unknown}
 i - a scroll of noise {unknown}
Potions
 c - a potion of magic
 e - a potion of haste {unknown}
 h - a potion of attraction {unknown}


   Skills:
 + Level 2.3 Dodging
 + Level 3.3 Stealth
 + Level 3.2 Spellcasting
 + Level 1.6 Conjurations
 + Level 1.6 Summonings
 + Level 1.5 Translocations


You had 3 spell levels left.
You knew the following spells:

 Your Spells              Type           Power      Damage    Failure   Level
a - Magic Dart            Conj           32%        1d4       9%          1
b - Blink                 Tloc           16%        N/A       13%         2
c - Call Imp              Summ           16%        N/A       12%         2

Your spell library contained the following spells:

 Spells                   Type           Power      Damage    Failure   Level
 Slow                     Hex            8%         N/A       16%         1
 Cigotuvi's Dreadful Rot  Necr/Pois/Air  4%         N/A       24%         2
 Mephitic Cloud           Conj/Pois/Air  4%         N/A       36%         3


Dungeon Overview and Level Annotations

Branches:
Dungeon (2/15)

Altars:

Annotations:
D:2 Terence


Innate Abilities, Weirdness & Mutations

You cannot wear most types of armour.
You are amphibious.
You can wear up to eight rings at the same time.
Your skin changes colour to match your surroundings (Stealth+).
Your rubbery body absorbs attacks. (AC +1, EV +1)
((You are camouflaged when in or above water. (Stealth+)))
You have tentacles for arms and can constrict up to eight enemies at once.


Message History

Your cerulean imp hits Terence but does no damage.
Your cerulean imp hits Terence but does no damage.
Terence hits you from afar with a +0 trident.
Your cerulean imp hits Terence but does no damage.
Terence closely misses you.
Your cerulean imp barely misses Terence.
You swap places.
Terence barely misses you.
Your cerulean imp hits Terence but does no damage.
You hit Terence but do no damage. You grab Terence.
You squeeze Terence, but do no damage.
Terence is lightly wounded.
You constrict Terence. Terence closely misses you.
Your cerulean imp hits Terence but does no damage.
You hit Terence but do no damage.
Terence is lightly wounded.
You constrict Terence, but do no damage.
Terence barely misses you.
Your cerulean imp hits Terence but does no damage.
You hit Terence. You squeeze Terence, but do no damage.
Terence is moderately wounded.
You constrict Terence, but do no damage.
Terence closely misses you.
Your cerulean imp hits Terence from afar with a -4 spear.
You hit Terence but do no damage.
Terence is moderately wounded.
You constrict Terence. Terence hits you with a +0 trident!
Your cerulean imp hits Terence but does no damage.
You are too injured to fight recklessly!
You are too injured to fight recklessly!
You are too injured to fight recklessly!
You hit Terence but do no damage. You squeeze Terence, but do no damage.
Terence is moderately wounded.
You constrict Terence, but do no damage.
Terence hits you with a +0 trident.
* * * LOW HITPOINT WARNING * * *
Your cerulean imp hits Terence but does no damage.
You hit Terence but do no damage.
Terence is moderately wounded.
You constrict Terence. Terence hits you with a +0 trident!
You die...

# #.##
#...#######.##
#@@5<†......
#........†.......
#.######.........
#.........
##...##..# #.....
.. #.##.## . #.#
..


You could see Terence (ally target) and a friendly cerulean imp (summoned).

Vanquished Creatures
  An adder (D:2)
  A dart slug (D:1)
  3 ball pythons
  4 bats (D:1)
  3 endoplasms (D:1)
  A giant cockroach (D:2)
  A goblin (D:1)
  5 hobgoblins (D:1)
  3 jackals (D:1)
  2 kobolds (D:1)
  2 quokkas (D:1)
  2 frilled lizards (D:1)
  6 rats
34 creatures vanquished.

Notes
Turn   | Place    | Note
-------+----------+-------------------------------------------
     0 | D:1      | javelincjr the Octopode Hedge Wizard began the quest for
                  | the Orb.
     0 | D:1      | Reached XP level 1. HP: 11/11 MP: 4/4
   111 | D:1      | Reached XP level 2. HP: 11/17 MP: 6/6
   665 | D:1      | Reached XP level 3. HP: 21/21 MP: 5/7
  1689 | D:1      | Learned a level 2 spell: Blink
  1692 | D:1      | Learned a level 2 spell: Call Imp
  1811 | D:2      | Noticed Terence
  1825 | D:2      | Slain by Terence

Illustrated notes

Levels and vault maps discovered:
D:1:      matt_arrival_refuge, layout_basic, minmay_tiny_reverse_x
D:2:      layout_rooms, serial_corexii_hall, chequers_hall_statues_y,
          chequers_hall_statues_corner_a, serial_shops, nicolae_shop_peninsula,
          ebering_ecumenical_altar_box, minmay_three_crescents, uniq_terence

Skill      XL: |  1  2 |
---------------+-------+-----
Stealth        | 3 |  3.3
Dodging        | |  2.3
Spellcasting   | |  3.2
Conjurations   | |  1.6
Summonings     | |  1.6
Translocations | |  1.5

Action                     || total
---------------------------++-------
  Melee: Dagger            ||    43
         Constrict         ||     9
         Tentacles         ||     7
   Cast: Magic Dart        ||    68
         Call Imp          ||     1
   Stab: Sleeping          ||     1
 Armour: Skin              ||    29
  Dodge: Dodged            ||    37

Table legend: (Time is in decaauts)
 A = Elapsed time spent in this place.
 B = Non-inter-level travel time spent in this place.
 C = Inter-level travel time spent in this place.
 D = Time resting spent in this place.
 E = Time spent auto-exploring this place.
 F = Levels seen in this place.
 G = Mean time per level.
                   A        B        C        D        E       F      G
               +--------+--------+--------+--------+--------+-----+--------+
         Total |   1825 |   1690 |    135 |     68 |   1407 |   2 |  912.5 |
       Dungeon |   1825 |   1690 |    135 |     68 |   1407 |   2 |  912.5 |
               +--------+--------+--------+--------+--------+-----+--------+

Top non-repeatable levels by time:
     D:1: 1714 daAuts
     D:2: 110 daAuts
